 Dungeon Crawl Stone Soup version 0.32-a0-779-g362cfcae2a (webtiles) character file.

Game seed: 2956149704400584851

104551 zenocrate the Covert (level 15, 0/83 HPs)
             Began as a Felid Earth Elementalist on Mar 19, 2024.
             Was an Initiate of Gozag.
             Hit by a silver javelin thrown by a merfolk javelineer (4 damage)
             ... on level 2 of the Shoals.
             The game lasted 00:58:44 (33477 turns).

zenocrate the Covert (Felid Earth Elementalist)    Turns: 33477, Time: 00:58:45

Health: 0/83       AC:  3    Str:  9    XL:     15   Next: 92%
Magic:  34/34      EV: 34    Int: 21    God:    Gozag
Gold:   1304       SH:  0    Dex: 20    Spells: 13/27 levels left
                                        Lives:  0   Deaths: 5

rFire   + .          .
                       - Unarmed
rCold   + + .        (shield unavailable)
rNeg    . . .        (body armour unavailable)
rPois   +            (helmet unavailable)
rElec   .            (cloak unavailable)
rCorr   .            (gloves unavailable)
SInv    +            (boots unavailable)
Will    ++...        E - amulet of Okawaru's Whim {Regen+ Str+3}
Stlth   ++++++       F - ring of Buekef {Fly rPois rF+ MP+9}
HPRegen 1.13/turn    n - +5 ring of evasion
MPRegen 0.24/turn

%: clarity
@: blade hands, flying
A: very small, (claws 1), fangs 3, see invisible, shaggy fur 3, (stealthy paws),
no weapons or thrown items, no armour, multi-lived, clarity, cold resistance 1,
noise suppression
a: Begin Untransformation, Renounce Religion, Potion Petition, Call Merchant,
Bribe Branch


You were on level 2 of the Shoals.
You worshipped Gozag.
Gozag was most pleased with you.
You had blades for front paws.
You visited 7 branches of the dungeon, and saw 25 of its levels.

You collected 7532 gold pieces.
You spent 3194 gold pieces at shops.
You paid 3034 gold pieces to Gozag.

Inventory:

Jewellery
 a - a ring of ice
 e - a ring of positive energy
 f - a ring of protection from fire
 i - a ring of flight
 n - a +5 ring of evasion (right blade hand)
 E - the amulet of Okawaru's Whim (around neck) {Regen+ Str+3}
   (You found it on level 11 of the Dungeon)

   [amulet of regeneration]

   Str+3:     It affects your strength (+3).
   Regen+:    It increases your rate of health regeneration.
 F - the ring of Buekef (left blade hand) {Fly rPois rF+ MP+9}
   (You bought it in a shop on level 1 of the Lair of Beasts)

   [ring of magical power]

   rF+:       It protects you from fire.
   rPois:     It protects you from poison.
   MP+9:      It affects your magic capacity (+9).
   Fly:       It grants you flight.
 H - a ring of resist corrosion
Talismans
 x - a blade talisman (active)
Wands
 h - a wand of flame (29)
 m - a wand of digging (5)
 y - a wand of warping (11)
 K - a wand of charming (8)
Scrolls
 c - a scroll of poison
 d - 5 scrolls of vulnerability
 g - 3 scrolls of fog
 j - 3 scrolls of teleportation
 r - 5 scrolls of immolation
 t - 8 scrolls of amnesia
 z - 2 scrolls of identify
 A - 4 scrolls of revelation
Potions
 b - a potion of enlightenment
 k - 2 potions of mutation
 l - 2 potions of resistance
 o - a potion of might
 p - a potion of ambrosia
 q - a potion of heal wounds
 u - 2 potions of attraction
 v - 4 potions of curing
 B - 4 potions of brilliance
 C - a potion of cancellation
 G - a potion of magic
Miscellaneous
 s - a tin of tremorstones (2/2)


   Skills:
 + Level 11.2 Fighting
 + Level 14.7 Dodging
 * Level 14.8 Stealth
 + Level 12.4 Unarmed Combat
 - Level 6.5 Spellcasting
 - Level 6.2 Conjurations
 + Level 3.9 Hexes
 - Level 7.7 Earth Magic
 - Level 2.2 Alchemy
 - Level 6.3 Evocations
 + Level 10.7 Shapeshifting


You had 13 spell levels left.
You knew the following spells:

 Your Spells              Type           Power      Damage    Failure   Level
a - Stone Arrow           Conj/Erth      72%        3d11      1%          3
b - Confusing Touch       Hex            23%        N/A       5%          3
c - Petrify               Alch/Erth      27%        N/A       12%         4
d - Sandblast             Erth           78%        2d17      1%          1
y - Swiftness             Air            6%         N/A       28%         3

Your spell library contained the following spells:

 Spells                   Type           Power      Damage    Failure   Level
 Slow                     Hex            92%        N/A       1%          1
 Passwall                 Erth           39%        N/A       1%          3
 Foxfire                  Conj/Fire      76%        2x1d7     2%          1
 Shock                    Conj/Air       76%        1d7       2%          1
 Dazzling Flash           Conj/Hex       56%        N/A       3%          3
 Sigil of Binding         Hex            23%        N/A       5%          3
 Brom's Barrelling Bould  Conj/Erth      36%        2d6       5%          4
 Hailstorm                Conj/Ice       19%        3d7       8%          3
 Mephitic Cloud           Conj/Alch/Air  18%        N/A       9%          3
 Freeze                   Ice            24%        1d4       10%         1
 Necrotise                Necr           24%        1d5       10%         1
 Inner Flame              Hex/Fire       15%        N/A       12%         3
 Lesser Beckoning         Tloc           12%        N/A       14%         2
 Call Canine Familiar     Summ           6%         N/A       28%         3
 Frozen Ramparts          Ice            12%        1d2       28%         3
 Gell's Gravitas          Tloc           6%         N/A       28%         3
 Summon Ice Beast         Ice/Summ       6%         N/A       28%         3
 Teleport Other           Tloc           6%         N/A       28%         3
 Vampiric Draining        Necr           6%         2d6       28%         3
 Irradiate                Conj/Alch      12%        3d15      41%         5
 Airstrike                Air            3%         2d(1-17)  67%         4
 Martyr's Knell           Necr/Summ      6%         N/A       67%         4
 Silence                  Hex/Air        7%         N/A       75%         5
 Curse of Agony           Necr           6%         N/A       95%         5
 Permafrost Eruption      Ice/Erth       11%        2x4d4     96%         6
 Starburst                Conj/Fire      9%         6d5       99%         6
 Plasma Beam              Fire/Air       3%         2x1d13    100%        6
 Sculpt Simulacrum        Ice/Alch       5%         N/A       100%        6
 Ozocubu's Refrigeration  Ice            3%         4d8       100%        7
 Ignition                 Fire           3%         3d4       100%        8
 Polar Vortex             Ice            3%         N/A       100%        9
 Dimensional Bullseye     Hex/Tloc       Unusable   N/A       N/A         4

Dungeon Overview and Level Annotations

Branches:
Dungeon (13/15)            Temple (1/1) D:6            Lair (5/5) D:10
 Shoals (2/4) Lair:2        Snake (1/4) Lair:3        Slime (0/5) Lair:5
    Orc (2/2) D:12            Elf (1/3) Orc:2
 Vaults: D:13-14

Altars:
Ashenzari
Cheibriados
Dithmenos
Elyvilon
Fedhas
Gozag
Hepliaklqana
Kikubaaqudgha
Makhleb
Nemelex Xobeh
Okawaru
Qazlal
Ru
Sif Muna
Trog
Uskayaw
Vehumet
Wu Jian
Xom
Yredelemnul
Zin
The Shining One
Beogh

Shops:
D:2 (   D:3 ?[   D:13 *   Orc:2 :*[   Lair:1 ?=

Portals:
Hell: Lair:5

Annotations:
D:3 1 runed translucent door, croobank's ghost, amateur HuSu
Orc:2 3 runed translucent doors, scarr's ghost, journeyman DrCj


Innate Abilities, Weirdness & Mutations

You have blades for front paws.
((You have sharp claws.))
You have razor-sharp teeth.
You have supernaturally acute eyesight. (SInv)
Your thick and shaggy fur keeps you warm. (AC +3, rC+)
((Your paws help you pounce on unaware monsters.))
You are incapable of wielding weapons or throwing items.
You cannot wear armour.
You gain extra lives every three experience levels.
You possess an exceptional clarity of mind.
Your flesh is cold resistant. (rC+)
You passively dampen the noise of your surroundings.


Message History

The silver javelin completely misses you.
There is a stone staircase leading up, spattered with blood here.
The faun unwields a +0 sling.
The faun wields a +0 club.
The faun hits you with a +0 club!!
The merfolk javelineer throws a silver javelin.
The silver javelin completely misses you.
You slash the faun!
The faun is lightly wounded.
The faun completely misses you.
You hit the faun.
The faun is moderately wounded.
The merfolk javelineer throws a silver javelin.
The silver javelin completely misses you.
The faun misses you.
You closely miss the faun. Your bite misses the faun.
The faun is moderately wounded.
The merfolk javelineer throws a silver javelin.
The silver javelin pierces through you. The silver sears you!
You closely miss the faun. You bite the faun.
The faun is moderately wounded.
The faun gestures at you while chanting.
You resist with almost no effort.
The merfolk javelineer throws a silver javelin.
The silver javelin closely misses you.
Unknown command.
As you read the scroll of fog, it dissolves into smoke.
The faun misses you.
The merfolk javelineer throws a silver javelin.
The silver javelin pierces through you!!
* * * LOW HITPOINT WARNING * * *
The silver sears you!
* * * LOW HITPOINT WARNING * * *
The faun unwields a +0 club.
The faun wields a +0 sling.
The faun shoots a sling bullet.
The sling bullet completely misses you.
The merfolk javelineer throws a silver javelin.
The silver javelin pierces through you!
* * * LOW HITPOINT WARNING * * *
The silver sears you!
You die...
Your body crumbles into a pile of gold.

~~~~~~..##..~~~≈≈≈≈
~~~~~~..##..~~~~≈≈≈
.....~~....~~~~~~≈≈
>....~~~....~~~~~~~
.....~~~....~~~~~~~
.....~~$.§§§§~~.~~~
....m.~~.§§c§§~.~..
..#...~.§§§§§§~....
......~...§@§~....#
~.....~...§.~~.≈...
~..[.~~~....≈≈...≈≈
....~~~~~~~~~~~.≈≈≈
....~~~~~~######≈≈≈
...~~~~~## ≈≈≈
~~~~~~~ ≈≈ ~~~~~~


You could see a merfolk javelineer and a faun.

Vanquished Creatures
  Gastronok (D:10)
  Kirke (Shoals:1)
  Louise (Shoals:1)
  A dire elephant (Lair:5)
  The ghost of Kedox the Fighter, a journeyman DrCA of Ignis (Lair:1)
  Snorg (D:12)
  Fannar (D:12)
  2 catoblepae
  2 ice dragons (Shoals:1)
  2 ogre magi (Orc:2)
  4 hydras
  3 centaur warriors (D:13)
  4 anacondas (Snake:1)
  12 two-headed ogres
  3 boulder beetles
  A naga warrior (Snake:1)
  An orc high priest (Orc:2)
  A naga sharpshooter (Snake:1)
  A shock serpent (Lair:3)
  A deep elf knight (Elf:1)
  A sun demon (Lair:5)
  A sea snake (Shoals:1)
  A skyshark (Shoals:1)
  2 deep trolls
  A mana viper (Snake:1)
  A lindwurm (Lair:4)
  2 naga ritualists (Snake:1)
  An arcanist (Lair:5)
  3 orc knights
  8 deep elf pyromancers
  An obsidian bat (Orc:2)
  5 deep elf zephyrmancers
  A faun (Shoals:2)
  An orc sorcerer (Orc:1)
  An ugly thing (D:13)
  Maurice (D:10)
  6 manticores
  6 cyclopes
  Joseph (Lair:1)
  A merfolk siren (Shoals:1)
  11 black mambas
  A water nymph (Shoals:1)
  Maggie (D:9)
  36 elephants
  3 naga magi
  A smoke demon (Lair:5)
  A cane toad (shapeshifter) (D:13)
  3 gargoyles (D:12)
  2 orange demons (Lair:5)
  17 cane toads
  4 rime drakes
  5 kobold demonologists
  3 efreet
  7 komodo dragons
  An unseen horror (D:10)
  2 ice devils (Lair:5)
  Psyche (D:11)
  A merfolk (Shoals:1)
  A red devil (Lair:5)
  4 polar bears
  A hornet (D:8)
  15 trolls
  2 snapping turtles (Shoals:1)
  12 blink frogs
  4 dream sheep
  4 slime creatures (D:12)
  A vampire (D:13)
  2 shadows
  A wraith (D:13)
  34 yaks
  4 wyverns
  A water elemental (D:12)
  A hog (Shoals:1)
  A warg (Orc:1)
  5 basilisks
  2 steam dragons
  3 vampire mosquitoes (D:12)
  7 nagas
  2 acid dragons
  Duvessa (D:6)
  5 hell hounds (Lair:5)
  22 water moccasins
  19 orc warriors
  2 black bears
  A sky beast (D:7)
  18 ogres
  16 wolves
  8 centaurs
  A phantom (D:5)
  4 kobold brigands
  8 bullfrogs
  2 gnoll sergeants
  3 scorpions
  11 wights
  Dowan (D:6)
  11 killer bees
  A howler monkey (D:7)
  4 electric eels
  7 hounds
  A bombardier beetle (D:5)
  2 jellies
  9 orc priests
  2 iguanas (D:6)
  A sleepcap (D:7)
  15 orc wizards
  5 hell rats (Lair:5)
  11 gnolls
  4 adders
  A shadow imp (D:7)
  A white imp (D:5)
  2 ufetubi (D:7)
  2 dart slugs
  43 orcs
  3 bats
  5 endoplasms
  2 giant cockroaches (D:2)
  9 goblins
  8 hobgoblins
  4 jackals (D:2)
  22 kobolds
  6 quokkas
  6 ball pythons
  A frilled lizard (D:3)
  6 rats
612 creatures vanquished.

Notes
Turn   | Place    | Note
-------+----------+-------------------------------------------
     0 | D:1      | zenocrate the Felid Earth Elementalist began the quest for
                  | the Orb.
     0 | D:1      | Reached XP level 1. HP: 9/9 MP: 4/4
    95 | D:1      | Reached skill level 1 in Conjurations
   134 | D:1      | Reached XP level 2. HP: 8/14 MP: 0/6
   533 | D:1      | Reached skill level 1 in Fighting
   765 | D:2      | Reached XP level 3. HP: 18/18 MP: 5/7
   857 | D:2      | Found Aplixzye's Antique Weapon Boutique.
   991 | D:2      | Reached skill level 1 in Unarmed Combat
  1087 | D:2      | Found a faded altar of an unknown god.
  1397 | D:2      | Found a sacrificial altar of Ru.
  1459 | D:3      | Found a runed translucent door.
  1549 | D:3      | Reached XP level 4. HP: 7/22 MP: 5/8
  1549 | D:3      | Gained a life (2 lives remaining)
  1614 | D:2      | Learned a level 3 spell: Stone Arrow
  1804 | D:3      | Noticed a fire elemental
  1806 | D:3      | Found a stormy altar of Qazlal.
  1807 | D:3      | Noticed an air elemental
  1807 | D:3      | Noticed an earth elemental
  1807 | D:3      | Noticed a water elemental
  2037 | D:3      | Found Guliow's Armour Shop.
  2094 | D:3      | Found a hazy altar of Hepliaklqana.
  2239 | D:3      | Noticed croobank's ghost (amateur HuSu)
  2239 | D:3      | Noticed an orc warrior
  2278 | D:3      | Found Huith's Magic Scroll Boutique.
  2298 | D:3      | Bought a scroll of blinking for 97 gold pieces
  2495 | D:3      | Identified the +4 whip "Jellybane" {flame, +Blink rElec rN+
                  | Dex-5}
  3021 | D:4      | Noticed a centaur
  3027 | D:4      | Killed a centaur
  3028 | D:4      | Reached XP level 5. HP: 18/26 MP: 3/9
  3268 | D:4      | Gained mutation: You are covered in thick fur. (AC +2)
                  | [Felid growth]
  3268 | D:4      | Reached XP level 6. HP: 25/30 MP: 1/10
  3437 | D:4      | Found a burning altar of Makhleb.
  3463 | D:4      | Reached skill level 1 in Shapeshifting
  3534 | D:4      | Reached skill level 1 in Evocations
  3746 | D:4      | Learned a level 4 spell: Petrify
  3773 | D:5      | Entered Level 5 of the Dungeon
  3992 | D:5      | Reached XP level 7. HP: 33/35 MP: 6/12
  4091 | D:5      | Noticed a komodo dragon
  4092 | D:5      | Found a shimmering blue altar of Sif Muna.
  4241 | D:5      | Found a shimmering altar of Xom.
  4976 | D:6      | Reached skill level 5 in Stealth
  5185 | D:6      | Reached XP level 8. HP: 22/39 MP: 6/13
  5318 | D:6      | Reached skill level 5 in Dodging
  5847 | D:6      | Noticed Duvessa
  5847 | D:6      | Noticed Dowan
  5860 | D:6      | Killed Duvessa
  5861 | D:6      | Reached skill level 5 in Earth Magic
  5863 | D:6      | Killed Dowan
  5970 | D:6      | Found a staircase to the Ecumenical Temple.
  5985 | Temple   | Entered the Ecumenical Temple
  6345 | D:7      | Identified the +9 spear of the Wicked God {drain, rElec
                  | Int+2 Dex+2}
  6487 | D:7      | Found Kepsatwiad's Distillery.
  6740 | D:7      | Reached XP level 9. HP: 43/44 MP: 1/15
  7260 | D:8      | Found a basalt altar of Yredelemnul.
  7267 | D:8      | Found a sparkling altar of Nemelex Xobeh.
  7275 | D:8      | Found an ornate altar of the Wu Jian Council.
  7275 | D:8      | Found an opulent altar of Gozag.
  7282 | D:8      | Found a hide-covered altar of Uskayaw.
  7284 | D:8      | Became a worshipper of Gozag Ym Sagoz the Greedy
  7440 | D:3      | Bought a scroll of fear for 52 gold pieces
  7440 | D:3      | Bought a scroll of revelation for 97 gold pieces
  7440 | D:3      | Bought a scroll of noise for 13 gold pieces
  7529 | D:5      | Killed a komodo dragon
  7844 | D:8      | Noticed a kobold demonologist
  7844 | D:8      | Noticed a kobold demonologist
  7845 | D:8      | Noticed a kobold demonologist
  7886 | D:8      | Noticed a two-headed ogre
  7970 | D:8      | Noticed a two-headed ogre
  7973 | D:8      | Gained mutation: You passively dampen the noise of your
                  | surroundings. [potion of mutation]
  7973 | D:8      | Gained mutation: Your flesh is cold resistant. (rC+)
                  | [potion of mutation]
  7973 | D:8      | Gained mutation: You possess an exceptional clarity of
                  | mind. [potion of mutation]
  7989 | D:8      | Killed a two-headed ogre
  8002 | D:8      | HP: 1/46 [killer bee (5)]
  8257 | D:7      | Bought a potion of berserk rage for 65 gold pieces
  8257 | D:7      | Bought a potion of heal wounds for 65 gold pieces
  8257 | D:7      | Bought a potion of degeneration for 13 gold pieces
  8397 | D:8      | Reached XP level 10. HP: 51/51 MP: 2/17
  8883 | D:8      | Found a glowing silver altar of Zin.
  8889 | D:8      | Found a shadowy altar of Dithmenos.
  8890 | D:8      | Found an iron altar of Okawaru.
  8895 | D:8      | Found a snail-covered altar of Cheibriados.
  9226 | D:8      | Noticed a two-headed ogre
  9232 | D:8      | Killed a two-headed ogre
  9405 | D:8      | Noticed an orange demon
  9407 | D:8      | Noticed a sixfirhy
  9780 | D:9      | Reached skill level 5 in Fighting
  9780 | D:9      | Reached skill level 5 in Spellcasting
  9960 | D:9      | Reached skill level 5 in Evocations
  9963 | D:9      | Reached skill level 5 in Unarmed Combat
 10763 | D:9      | Reached skill level 5 in Shapeshifting
 11279 | D:9      | Noticed Maggie
 11288 | D:9      | Killed Maggie
 11674 | D:3      | Bought a scroll of identify for 26 gold pieces
 11674 | D:3      | Bought a scroll of revelation for 97 gold pieces
 11674 | D:3      | Bought a scroll of poison for 52 gold pieces
 11674 | D:3      | Bought a scroll of identify for 26 gold pieces
 11674 | D:3      | Bought a scroll of teleportation for 39 gold pieces
 11823 | D:7      | Bought a potion of lignification for 39 gold pieces
 11823 | D:7      | Bought a potion of cancellation for 104 gold pieces
 11823 | D:7      | Bought a potion of curing for 39 gold pieces
 11863 | D:9      | Reached skill level 5 in Conjurations
 11863 | D:9      | Reached XP level 11. HP: 24/56 MP: 4/20
 11979 | D:10     | Entered Level 10 of the Dungeon
 12293 | D:10     | Found a staircase to the Lair.
 12460 | D:10     | Noticed Maurice
 12474 | D:10     | Killed Maurice
 12682 | D:10     | Noticed Gastronok
 12702 | D:10     | Killed Gastronok
 13373 | D:7      | Bought a potion of magic for 104 gold pieces
 13373 | D:7      | Bought a potion of invisibility for 104 gold pieces
 13441 | Lair:1   | Entered Level 1 of the Lair of Beasts
 14410 | D:10     | Slain by a yak
 14410 | D:10     | Lost a life (1 life remaining)
 14463 | D:10     | Reached skill level 1 in Alchemy
 14582 | Lair:1   | Noticed Joseph
 14589 | Lair:1   | Killed Joseph
 14658 | Lair:1   | Noticed a catoblepas
 14889 | Lair:1   | Slain by a catoblepas
 14889 | Lair:1   | Lost a life (0 lives remaining)
 15121 | Lair:1   | Killed a catoblepas
 15122 | Lair:1   | Gained mutation: Your thick and shaggy fur keeps you warm.
                  | (AC +3, rC+) [Felid growth]
 15122 | Lair:1   | Reached XP level 12. HP: 62/62 MP: 22/22
 15122 | Lair:1   | Gained a life (1 life remaining)
 15223 | Lair:1   | Found a runed translucent gate.
 15223 | Lair:1   | Found a runed translucent gate.
 15223 | Lair:1   | Found a runed translucent gate.
 15324 | Lair:1   | Noticed Kedox's ghost (journeyman DrCA)
 15768 | Lair:1   | Killed Kedox's ghost
 16129 | Lair:2   | Found a staircase to the Shoals.
 17100 | Lair:2   | Reached skill level 10 in Dodging
 17817 | Lair:1   | Bought a scroll of fear for 64 gold pieces
 17817 | Lair:1   | Bought a scroll of identify for 32 gold pieces
 18435 | Lair:3   | Noticed a six-headed hydra
 18482 | Lair:3   | Noticed a seven-headed hydra
 18492 | Lair:3   | Killed a seven-headed hydra
 18859 | Lair:1   | Bought a scroll of fog for 64 gold pieces
 18859 | Lair:1   | Bought a scroll of blinking for 120 gold pieces
 18859 | Lair:1   | Bought a scroll of blinking for 120 gold pieces
 18895 | Lair:3   | Reached XP level 13. HP: 68/68 MP: 16/23
 18895 | Lair:3   | Gained a life (2 lives remaining)
 19767 | Lair:3   | Found a staircase to the Snake Pit.
 20665 | Lair:4   | Reached skill level 10 in Stealth
 21696 | Lair:5   | Entered Level 5 of the Lair of Beasts
 22058 | Lair:5   | Found a staircase to the Slime Pits.
 22759 | Lair:5   | Noticed a dire elephant
 22777 | Lair:5   | Killed a dire elephant
 23078 | Lair:5   | Found a burning altar of Makhleb.
 23123 | Lair:5   | Found a gateway to Hell.
 23149 | Lair:5   | Reached XP level 14. HP: 19/75 MP: 2/24
 24629 | Lair:5   | Learned a level 3 spell: Swiftness
 24737 | D:11     | Noticed Psyche
 24740 | D:11     | Killed Psyche
 25395 | D:11     | Reached skill level 10 in Unarmed Combat
 25988 | D:11     | Identified the amulet of Okawaru's Whim {Regen+ Str+3}
 26126 | D:12     | Noticed Fannar
 26152 | D:12     | Killed Fannar
 26595 | D:12     | Found a staircase to the Orcish Mines.
 26902 | D:12     | Noticed Snorg
 26914 | D:12     | Killed Snorg
 26915 | D:12     | Reached skill level 10 in Fighting
 26991 | Orc:1    | Entered Level 1 of the Orcish Mines
 27396 | Orc:2    | Entered Level 2 of the Orcish Mines
 27398 | Orc:2    | Found a staircase to the Elven Halls.
 27775 | Orc:1    | Reached skill level 10 in Shapeshifting
 27885 | Lair:1   | Bought the ring of Buekef {Fly rPois rF+ MP+9} for 604 gold
                  | pieces
 28159 | Orc:1    | Incinerated by a deep elf pyromancer
 28159 | Orc:1    | Lost a life (1 life remaining)
 28219 | Orc:1    | Reached XP level 15. HP: 60/81 MP: 25/25
 28219 | Orc:1    | Gained a life (2 lives remaining)
 28705 | Orc:2    | Found a roughly hewn altar of Beogh.
 28759 | Orc:2    | Found Nocs's Antique Armour Boutique.
 28761 | Orc:2    | Found Tivvi's Book Boutique.
 28765 | Orc:2    | Found Loumici's Distillery.
 28780 | Orc:2    | Found Qup Mul's Assorted Antiques.
 28877 | Orc:2    | Bought a scroll of teleportation for 102 gold pieces
 28877 | Orc:2    | Bought a runed bone wand for 136 gold pieces
 28877 | Orc:2    | Bought a scroll of teleportation for 102 gold pieces
 28877 | Orc:2    | Bought a potion of might for 136 gold pieces
 28882 | Orc:2    | Bought a potion of curing for 33 gold pieces
 28882 | Orc:2    | Bought 2 potions of brilliance for 88 gold pieces
 28882 | Orc:2    | Bought a potion of heal wounds for 55 gold pieces
 28882 | Orc:2    | Bought a potion of might for 44 gold pieces
 28882 | Orc:2    | Bought a potion of resistance for 110 gold pieces
 28882 | Orc:2    | Bought a potion of heal wounds for 55 gold pieces
 28882 | Orc:2    | Bought a potion of invisibility for 88 gold pieces
 28882 | Orc:2    | Bought a potion of curing for 33 gold pieces
 28882 | Orc:2    | Bought a potion of lignification for 33 gold pieces
 29223 | Orc:2    | Found a runed translucent gate.
 29276 | Orc:2    | Found a runed translucent gate.
 29277 | Orc:2    | Found a runed translucent gate.
 29285 | Orc:2    | Noticed scarr's ghost (journeyman DrCj)
 29447 | D:13     | Found Qegida's General Store.
 29452 | D:13     | Bought a potion of mutation for 88 gold pieces
 29452 | D:13     | Bought a potion of enlightenment for 55 gold pieces
 30332 | Shoals:1 | Entered Level 1 of the Shoals
 30816 | Shoals:1 | Learned a level 3 spell: Confusing Touch
 30837 | Shoals:1 | Noticed Kirke
 30856 | Shoals:1 | Killed Kirke
 30924 | Shoals:1 | Reached skill level 1 in Hexes
 30935 | Shoals:1 | Noticed Louise
 30948 | Shoals:1 | Killed Louise
 31608 | Elf:1    | Entered Level 1 of the Elven Halls
 31848 | Snake:1  | Entered Level 1 of the Snake Pit
 32452 | Snake:1  | Demolished by a naga warrior
 32452 | Snake:1  | Lost a life (1 life remaining)
 33163 | Snake:1  | Slain by a naga warrior
 33163 | Snake:1  | Lost a life (0 lives remaining)
 33477 | Shoals:2 | HP: 4/83 [merfolk javelineer/silver javelin (15)]
 33477 | Shoals:2 | Hit by a silver javelin thrown by a merfolk javelineer

Illustrated notes

Levels and vault maps discovered:
D:1:      tarquinn_simple_flora_water_d, layout_loops_ring
D:2:      layout_loops_ring, basic_altar, serial_shops,
          nicolae_shop_gibbet_a_chance, basic_ecumenical_altar
D:3:      layout_basic, nicolae_qazlal_style_of_elements,
          worldfamousw_hep_ancestral_shrine, ebering_ghost_inner_flame,
          serial_shops, nicolae_shop_waterfront, nicolae_shop_tiny_waterfront,
          serial_bayou, serial_bayou_pond_d, serial_bayou_lake_a,
          serial_bayou_pond_d, serial_bayou_shore_b, serial_bayou_pond_d,
          serial_bayou_ford_a, bh_walls_and_bars
D:4:      cheibrodos_quashed, layout_basic, lemuel_tele_altar
D:5:      layout_cave_pods, lemuel_crystal_altar, mainiacjoe_overflow_alcove_4
D:6:      layout_loops_cross, temple_fountains, chequers_avenue, uniq_duvessa
D:7:      layout_loops_cross, serial_shops, nicolae_shop_industrial_runoff,
          hangedman_decor_push
D:8:      layout_loops_ring, minitemple, nicolae_overflow_hallway_of_the_gods
D:9:      layout_irregular_city, uniq_maggie
D:10:     layout_loops_ring, lair_entry_dummy, uniq_gastronok, uniq_maurice
D:11:     minmay_weird_star, layout_basic, minmay_fractal_squares_gapless_7,
          uniq_psyche
D:12:     layout_stronghold, orc_0_dummy, nicolae_kite_square_tiling_tiny,
          uniq_snorg, uniq_fannar
D:13:     layout_irregular_city, serial_shops, nicolae_shop_rolling_square
Temple:   nicolae_temple_colour_theory
Lair:1:   layout_cave_shapes, ebering_ghost_rock_garden, uniq_joseph
Lair:2:   layout_gridlike, shoals_dummy_entry, lemuel_fruit_tree
Lair:3:   layout_cave_shapes, guppyfry_snake_entry_garden, st_stairs_11
Lair:4:   layout_loops_ring
Lair:5:   evil_forest, layout_cellular_growth, slime_entry_1,
          serial_bayou_shore_a, infiniplex_staircase_pool
Shoals:1: argonaut_golden_fleece, layout_shoals, uniq_kirke, uniq_louise
Shoals:2: layout_shoals, serial_shops, shop, nicolae_shoals_loop_pool
Snake:1:  layout_misc_corridors, nicolae_snake_slithery_corners,
          grunt_megastairs_3
Orc:1:    layout_caves
Orc:2:    st_orc_open, layout_diamond_mine, gammafunk_ghost_necromancy,
          basic_altar, elves_outpost_lemuel
Elf:1:    layout_loops_corners, serial_shops, shop, minmay_elf_sorcery,
          corexii_checkpoint

Skill      XL: |  1  2  3  4  5  6  7  8  9 10 11 12 13 14 15 |
---------------+----------------------------------------------+-----
Conjurations   | 1 2 3 4 5 6 |  6.2
Stealth        | 3 4 5 6 7 9 11 12 14 | 14.8
Dodging        | 3 4 5 6 7 9 10 12 13 14 | 14.7
Fighting       | 1 2 3 4 5 6 7 9 10 11 | 11.2
Unarmed Combat | 1 2 3 4 5 6 7 9 11 12 | 12.4
Earth Magic    | 3 4 5 6 7 |  7.7
Shapeshifting  | 1 2 3 5 6 7 9 10 | 10.7
Evocations     | 1 2 3 4 5 6 |  6.3
Spellcasting   | 3 4 5 6 |  6.5
Alchemy        | 1 2 |  2.2
Hexes          | 3 |  3.9

Action                     |  1- 3 |  4- 6 |  7- 9 | 10-12 | 13-15 || total
---------------------------+-------+-------+-------+-------+-------++-------
  Melee: Unarmed           |    57 |    96 |   176 |   463 |  1423 ||  2215
         Bite              |     8 |    15 |    15 |    84 |   269 ||   391
         Punch             |       |       |     8 |    16 |    65 ||    89
   Cast: Sandblast         |    34 |    30 |    37 |       |       ||   101
         Stone Arrow       |       |     2 |    76 |   237 |   140 ||   455
         Confusing Touch   |       |       |       |       |     1 ||     1
 Invoke: Potion Petition   |       |       |       |     1 |     4 ||     5
         Call Merchant     |       |       |       |     1 |     1 ||     2
  Evoke: Wand              |       |       |    16 |    22 |    11 ||    49
         Tin of tremorston |       |       |       |       |     3 ||     3
    Use: Potion            |     1 |       |    11 |    11 |    21 ||    44
         Scroll            |       |     3 |     7 |    18 |    16 ||    44
   Stab: Sleeping          |     3 |     7 |     1 |     4 |    35 ||    50
         Invisible         |       |       |       |     4 |     6 ||    10
         Distracted        |       |       |       |     1 |    14 ||    15
         Petrified         |       |       |       |       |     2 ||     2
         Confused          |       |       |       |       |     1 ||     1
 Armour: Skin              |    26 |    32 |   134 |   201 |   509 ||   902
  Dodge: Dodged            |    72 |    91 |   253 |   703 |  1900 ||  3019
   Form: Flux              |       |       |       |     1 |       ||     1
         Blade             |       |       |       |       |     3 ||     3
                           |       |       |       |       |     2 ||     2

Table legend: (Time is in decaauts)
 A = Elapsed time spent in this place.
 B = Non-inter-level travel time spent in this place.
 C = Inter-level travel time spent in this place.
 D = Time resting spent in this place.
 E = Time spent auto-exploring this place.
 F = Levels seen in this place.
 G = Mean time per level.
                   A        B        C        D        E       F      G
               +--------+--------+--------+--------+--------+-----+--------+
         Total |  33310 |  30789 |   2521 |    209 |  24574 |  25 | 1332.4 |
       Dungeon |  17777 |  16174 |   1603 |     45 |  13518 |  13 | 1367.5 |
        Temple |      4 |      4 |      0 |      0 |      0 |   1 |    4.0 |
          Lair |  10742 |  10106 |    636 |    130 |   7899 |   5 | 2148.4 |
        Shoals |   1219 |   1162 |     57 |     26 |    888 |   2 |  609.5 |
     Snake Pit |   1269 |   1242 |     27 |      0 |    909 |   1 | 1269.0 |
  Orcish Mines |   2277 |   2081 |    196 |      7 |   1359 |   2 | 1138.5 |
   Elven Halls |     20 |     20 |      0 |      0 |      0 |   1 |   20.0 |
               +--------+--------+--------+--------+--------+-----+--------+

Top non-repeatable levels by time:
  Lair:2: 2796 daAuts
  Lair:5: 2555 daAuts
    D:10: 2317 daAuts
     D:8: 2310 daAuts
  Lair:1: 1890 daAuts
  Lair:4: 1823 daAuts
  Lair:3: 1675 daAuts
     D:9: 1662 daAuts
     D:5: 1462 daAuts
    D:11: 1395 daAuts
     D:4: 1378 daAuts
   Orc:2: 1374 daAuts
     D:7: 1311 daAuts
     D:6: 1307 daAuts
 Snake:1: 1269 daAuts
